Cogmind - Beta 15 @@@ ROGUE MODE // 2025.08.05 @ 23:20:23 Player: GayPredator Result: Destroyed by X-67 Chaingunner with Heavy Machine Gun Performance ------------- Evolutions (5) 2500 Regions Visited (11) 2200 Robots Destroyed (165) 825 Value Destroyed (5001) 5001 Prototype IDs (40) 800 Alien Tech Used (0) 0 Bonus (945) 945 TOTAL SCORE: 12271 Bonus ------- High Alert Combat Kills 123 Follower Combat Kills 60 Entered DSFs 500 Aligned with FarCom 300 Friendly Fire -38 Cogmind --------- Core Integrity 0/1000 Matter 218/300 Energy 95/100 System Corruption 0% Temperature Cool (0) Movement Core (50) Location -5/DSF Parts ------- > --- POWER (1) -------- (None) > --- PROPULSION (5) --- (None) > --- UTILITY (8) ------ Hacking Suite Advanced System Shield Authchip [R/Combat] > --- WEAPON (3) ------- (None) > --- INVENTORY (5) ---- Improved Signal Interpreter Improved Remote Force Field Advanced Plasma Cannon YOLO Cannon Peak State ------------ > --- POWER ------------ Micro Nuclear Core > --- PROPULSION ------- Xenon Bombardment Thruster Xenon Bombardment Thruster Xenon Bombardment Thruster Nuclear Pulse Thruster > --- UTILITY ---------- Energy Well Advanced Weight Redist. System Improved Propulsion Shielding Hacking Suite Hacking Suite Advanced System Shield > --- WEAPON ----------- YOLO Cannon Chainsword > --- INVENTORY -------- Improved Signal Interpreter Improved Remote Force Field Advanced Plasma Cannon [Rating: 69] Favorites ----------- Power Ion Engine Engine Ion Engine Power Core Enhanced Nuclear Core Propulsion Light Treads Treads Light Treads Flight Unit Xenon Bombardment Thruster Utility Large Storage Unit Device Heat Sink Storage Large Storage Unit Processor Advanced Targeting Computer Hackware Hacking Suite Protection Hardened Light Armor Plating Weapon Precision Beam Rifle Energy Gun Precision Beam Rifle Energy Cannon Heavy Particle Cannon Ballistic Gun Assault Rifle Ballistic Cannon Assault Cannon Launcher Missile Launcher Slashing Weapon Chainsword Build | -11 -10 -10 -9 -9 -9 -8 -8 -7 -6 -5 -5 ------- Run | Yrd Mat Min Mat Min Exi Min Mat Fac Fac Fac DSF Slots Evolved 10 | . . . 2 . . . 2 2 2 2 . Power . | . . . . . . . . . . . . Propulsion 3 | . . . 1 . . . . . 2 . . Utility 6 | . . . 1 . . . 1 2 . 2 . Weapon 1 | . . . . . . . 1 . . . . Parts Attached 108 | 7 7 . 21 4 . 4 25 18 11 . 11 Power 13 | 1 2 . 2 1 . . 2 1 2 . 2 Engine 10 | 1 2 . 2 1 . . 2 . 2 . . Core 3 | . . . . . . . . 1 . . 2 Reactor . | . . . . . . . . . . . . Propulsion 21 | 2 . . 4 1 . 2 6 3 3 . . Treads 15 | 2 . . 4 1 . 2 6 . . . . Leg . | . . . . . . . . . . . . Wheel . | . . . . . . . . . . . . Hover . | . . . . . . . . . . . . Flight 6 | . . . . . . . . 3 3 . . Utility 47 | 2 2 . 6 1 . 2 11 12 4 . 7 Device 20 | 1 . . 2 . . 2 6 4 2 . 3 Storage 6 | 1 1 . 1 . . . 1 1 . . 1 Processor 3 | . 1 . . . . . 1 1 . . . Hackware 9 | . . . . . . . . 4 2 . 3 Protection 9 | . . . 3 1 . . 3 2 . . . Artifact . | . . . . . . . . . . . . Weapon 27 | 2 3 . 9 1 . . 6 2 2 . 2 Energy Gun 13 | 2 1 . 5 . . . 5 . . . . Energy Cannon 6 | . . . 3 . . . 1 . . . 2 Ballistic Gun 2 | . 2 . . . . . . . . . . Ballistic Cannon 1 | . . . . . . . . 1 . . . Launcher 4 | . . . 1 1 . . . 1 1 . . Special Weapon . | . . . . . . . . . . . . Impact Weapon . | . . . . . . . . . . . . Slashing Weapon 1 | . . . . . . . . . 1 . . Piercing Weapon . | . . . . . . . . . . . . Special Melee Weapon . | . . . . . . . . . . . . Unidentified Prototypes 3 | . . . 1 . . . 1 1 . . . Parts Lost 29 | . 2 . 2 1 . 2 2 1 2 1 16 Power 4 | . 1 . . . . . 1 . . . 2 Propulsion 8 | . . . 1 . . 2 . . . . 5 Utility 12 | . . . 1 1 . . . 1 2 1 6 Weapon 5 | . 1 . . . . . 1 . . . 3 Highest Loss Streak 12 | . 2 . 1 1 . 1 1 1 2 3 12 To Critical Strikes . | . . . . . . . . . . . . Average Backups 10 | 2 8 10 9 14 12 12 12 11 3 4 3 Power . | . . . . 1 1 1 . . . . . Propulsion 1 | 1 2 2 1 2 2 2 1 1 . . . Utility 5 | . 3 5 4 6 5 5 5 7 2 3 2 Weapon 3 | . 2 3 3 4 4 4 3 2 1 1 1 Tool/Special . | . . . . . . . . . . . . Unused Backups 24 | . 3 . 4 3 1 . 4 8 . . 1 Power . | . . . . . . . . . . . . Propulsion 6 | . 2 . . . . . . 4 . . . Utility 11 | . 1 . 1 2 1 . 3 2 . . 1 Weapon 7 | . . . 3 1 . . 1 2 . . . Tool/Special . | . . . . . . . . . . . . Average Slot Usage (%) 96 | . 99 100 98 99 100 99 99 92 93 76 66 Engine 8 | . 13 14 10 11 11 11 8 5 3 5 1 Treads 25 | . 27 28 32 33 33 32 27 20 . . . Flight 3 | . . . . . . . . 2 31 29 22 Device 9 | . 1 . 5 11 11 11 17 9 8 . 2 Storage 9 | . 14 14 11 11 11 11 8 10 . . 2 Processor 3 | . 12 14 4 . . . . 6 . . . Hackware 3 | . . . . . . . . 2 30 23 19 Protection 7 | . . . 10 10 11 11 8 7 . . 2 Energy Gun 12 | . 19 . 4 . . . 21 21 5 5 3 Energy Cannon 6 | . . . 8 16 22 21 4 . . . . Ballistic Gun 2 | . 8 28 8 . . . . . . . . Launcher 1 | . . . . 5 . . . . 5 5 1 Peak Build Rating 69 | 7 8 8 17 17 18 22 42 50 63 54 69 Average Rating 27 | 5 7 8 12 16 17 20 32 44 56 52 49 On Entrance 23 | . 7 8 8 17 17 18 22 38 45 54 51 Naked Turns . | . . . . . . . . . . . . Heaviest Build 60 | 11 19 19 47 47 43 43 50 60 20 18 31 Greatest Support 60 | 40 40 40 60 60 60 60 60 60 30 30 33 Greatest Overweight (x) 3 | 2 . . . . . . . . 3 . 1 Average Overweight (x) . | . . . . . . . . . . . . Largest Inventory Capacity 15 | 8 10 10 15 15 15 15 15 15 5 5 5 Average Capacity 12 | 7 9 10 14 15 15 15 14 14 5 5 5 Most Carried 15 | 4 10 10 14 15 14 15 15 15 5 5 5 Average Carried 11 | 2 8 10 9 14 13 14 14 13 4 5 4 Final Capacity 15 | 8 10 10 15 15 15 15 15 5 5 5 5 Final Carried 14 | 4 10 10 13 14 14 14 14 5 5 5 5 Class Distribution -------------------- 30% | Skirmisher 28% | Scavenger-Mutant 20% | Mutant 6% | Scavenger-Skirmisher 4% | Hacker-Sprinter 4% | Hacker-Mutant Dominant Class ---------------- Mutant | -10/Materials Mutant | -10/Mines Mutant | -9/Materials Scavenger-Mutant | -9/Mines Scavenger-Mutant | -9/Exiles Scavenger-Mutant | -8/Mines Skirmisher | -8/Materials Skirmisher | -7/Factory Hacker-Sprinter | -6/Factory Hacker-Sprinter | -5/Factory Hacker-Mutant | -5/DSF Resources | -11 -10 -10 -9 -9 -9 -8 -8 -7 -6 -5 -5 ----------- Run | Yrd Mat Min Mat Min Exi Min Mat Fac Fac Fac DSF Matter Collected 2391 | 270 329 . 442 65 . 62 620 290 286 . 27 Remotely . | . . . . . . . . . . . . Salvage Created 5602 | 64 537 . 1122 180 . 349 1877 1012 300 . 161 Parts 311 | 4 36 . 57 22 . 14 90 39 31 . 18 Haulers Intercepted 6 | . 2 . 2 . . . 2 . . . . Recyclers Shooed 8 | . 3 . . . . . 3 2 . . . Parts Field Recycled . | . . . . . . . . . . . . Retrieved Matter . | . . . . . . . . . . . . Parts Self-Destructed . | . . . . . . . . . . . . Prevented . | . . . . . . . . . . . . Kills | -11 -10 -10 -9 -9 -9 -8 -8 -7 -6 -5 -5 ------- Run | Yrd Mat Min Mat Min Exi Min Mat Fac Fac Fac DSF Combat Hostiles Destroyed 116 | . 12 . 23 8 . 10 33 19 6 . 5 Melee 3 | . . . . . . . . . 1 . 2 Guns 64 | . 12 . 18 . . . 17 17 . . . Cannons 19 | . . . 5 5 . 6 3 . . . . AOE 22 | . . . . 3 . 3 8 . 5 . 3 Classes Destroyed 17 | 2 4 . 4 1 . 1 3 1 . . 1 Worker 7 | . . . . 1 . . 2 1 3 . . Builder 5 | . . . 1 . . . 1 2 1 . . Tunneler 5 | 1 . . 1 1 . . 1 . 1 . . Hauler 6 | . 2 . 2 . . . 2 . . . . Recycler 5 | 1 . . . . . . 3 1 . . . Mechanic 1 | . . . 1 . . . . . . . . Operator 4 | . . . . . . . 1 1 2 . . Watcher 16 | . 3 . 2 . . . 5 3 3 . . Swarmer 35 | . 6 . 4 6 . 3 6 5 5 . . Cutter 4 | . . . . . . . . . . . 4 Grunt 49 | . 6 . 13 1 . 5 16 8 . . . Brawler 3 | . . . 1 1 . 1 . . . . . Sentry 15 | . . . 5 . . . 8 2 . . . Specialist 3 | . . . . . . . 2 . . . 1 Hunter 3 | . . . . . . 1 . 1 1 . . Programmer 3 | . . . . . . . . 3 . . . Heavy 1 | . . . . . . . 1 . . . . Best Kill Streak 5 | 2 3 . 5 3 . 3 4 5 5 . 3 Combat Bots Only 5 | . 3 . 5 3 . 3 4 4 4 . 3 Max Kills in Single Turn 5 | 1 1 . 2 3 . 3 3 3 5 . 2 Gunslinging 1 | . . . 1 . . . 1 . . . . Exploded 4 | . . . . 3 . 3 2 . 4 . 2 Melee 1 | . . . . . . . . . 1 . 1 Uniques/NPCs Destroyed . | . . . . . . . . . . . . Combat | -11 -10 -10 -9 -9 -9 -8 -8 -7 -6 -5 -5 -------- Run | Yrd Mat Min Mat Min Exi Min Mat Fac Fac Fac DSF Hostile Shots Fired 603 | . 57 . 102 21 . 61 90 143 20 . 109 Missed 190 | . 20 . 28 6 . 12 30 44 9 . 41 Hits 413 | . 37 . 74 15 . 49 60 99 11 . 68 Melee 9 | . . . . . . . . . . . 9 Projectile 404 | . 37 . 74 15 . 49 60 99 11 . 59 Critical Strikes 9 | . . . 3 . . . 2 . 1 . 3 Damage Taken 7165 | . 406 . 905 194 . 746 1376 1318 225 . 1995 Core 1567 | . 37 . 35 27 . 90 237 105 29 . 1007 Absorbed by Shields 45 | . . . . . . . . . . . 45 Redirected to Shielding 137 | . . . . . . . . 35 . . 102 Regen/Repaired (Parts) 417 | . 147 . . . . . 81 . 189 . . Core Remaining (%) 80 | 100 . 85 . . . 62 56 85 96 . . Volleys Fired 364 | 7 55 . 77 13 . 31 84 59 30 . 8 Largest 3 | 2 2 . 2 2 . 2 3 3 2 . 1 Hottest 225 | 80 80 . 150 150 . 150 225 183 104 . 100 Shots Fired 785 | 14 108 . 153 25 . 61 222 162 32 . 8 Gun 582 | 14 108 . 102 . . . 182 157 19 . . Cannon 166 | . . . 50 23 . 60 27 3 . . 3 Launcher 37 | . . . 1 2 . 1 13 2 13 . 5 Special . | . . . . . . . . . . . . Kinetic 81 | . 14 . 64 . . . . 3 . . . Thermal 603 | 14 72 . 88 23 . 60 167 157 19 . 3 Explosive 30 | . . . 1 2 . 1 13 2 11 . . Electromagnetic 71 | . 22 . . . . . 42 . 2 . 5 Robot Hit Streak 49 | 2 11 . 23 4 . 10 22 49 8 . 1 Robot Miss Streak 4 | 2 4 . 3 3 . 2 3 4 1 . 2 Penetration Max . | . . . . . . . . . . . . Secondary Targets 9 | . . . 1 . . . 5 3 . . . Max Gunslinging Chain 1 | . . . 1 . . . 1 1 . . . Shots Hit Robots 560 | 7 75 . 106 12 . 43 169 129 15 . 4 Core Hits 270 | 3 28 . 44 11 . 13 86 55 22 . 8 Critical Kills 2 | . . . . . . 1 1 . . . . Critical Parts Destroyed . | . . . . . . . . . . . . Critical Strikes 17 | . 1 . 1 . . 1 4 8 2 . . Burn 14 | . . . 1 . . . 3 8 2 . . Meltdown 2 | . . . . . . 1 1 . . . . Corrupt 1 | . 1 . . . . . . . . . . Melee Attacks 26 | . . . . . . . . . 14 . 12 Impact . | . . . . . . . . . . . . Slashing 26 | . . . . . . . . . 14 . 12 Piercing . | . . . . . . . . . . . . Sneak Attacks . | . . . . . . . . . . . . Combat Hostiles . | . . . . . . . . . . . . Follow-up Attacks . | . . . . . . . . . . . . Damage Inflicted 14230 | 78 926 10 2003 538 . 1236 4251 2667 1438 . 1083 Guns 7323 | 78 904 . 1106 . . . 2745 2289 201 . . Cannons 2971 | . . . 897 312 . 1075 439 . . . 248 Explosions 3505 | . . . . 180 . 108 1017 284 1188 . 728 Melee 156 | . . . . . . . . . 49 . 107 Ramming 275 | . 22 10 . 46 . 53 50 94 . . . Kinetic 784 | . 132 . 652 . . . . . . . . Thermal 9277 | 78 540 . 1351 312 . 1075 2573 2289 201 . 858 Explosive 2365 | . . . . 180 . 108 727 284 1066 . . Electromagnetic 1373 | . 232 . . . . . 901 . 122 . 118 Impact . | . . . . . . . . . . . . Slashing 156 | . . . . . . . . . 49 . 107 Piercing . | . . . . . . . . . . . . Highest Corruption 2 | . . . . . . . . 2 1 . . Average Corruption 1 | . . . . . . . . 1 1 . . Corruption Purged 2 | . . . . . . . . 2 . . . Corruption Blocked . | . . . . . . . . . . . . Effects 3 | . . . . . . . . 1 2 . . Message Errors 1 | . . . . . . . . . 1 . . Heat Flow Errors 1 | . . . . . . . . . 1 . . Data Loss (minor) 1 | . . . . . . . . 1 . . . Overload Shots . | . . . . . . . . . . . . Overflow Damage 198 | . . . 20 . . 57 5 9 58 . 49 Projectiles 103 | . . . 20 . . 30 5 . . . 48 Explosions 95 | . . . . . . 27 . 9 58 . 1 Melee . | . . . . . . . . . . . . Knockbacks 3 | . . . . 1 . . 1 1 . . . Impact 3 | . . . . 1 . . 1 1 . . . Kinetic . | . . . . . . . . . . . . Secondary . | . . . . . . . . . . . . Self-Inflicted Damage 291 | . . . . 44 . 8 103 . . . 136 Shots 8 | . . . . 1 . 1 4 . . . 2 Rammed 50 | . 7 2 . 5 . 12 5 19 . . . Targets Rammed 56 | . 7 2 . 7 . 12 8 20 . . . Kicked . | . . . . . . . . . . . . Crushed 6 | . . . . 2 . . 3 1 . . . Highest Temperature 390 | 106 144 . 390 201 . 352 212 372 256 . . Average Temperature 98 | 55 52 . 134 90 . 158 56 112 52 . . Received Heat Transfer 1503 | . 144 . 387 51 . 324 378 201 18 . . Effects 9 | . . . . . . 8 . 1 . . . Shutdowns 1 | . . . . . . 1 . . . . . Energy Bleed 2 | . . . . . . 2 . . . . . Interference 4 | . . . . . . 4 . . . . . Damage (minor) 2 | . . . . . . 1 . 1 . . . Siege Activations . | . . . . . . . . . . . . Martial Activations . | . . . . . . . . . . . . Shielding Activations . | . . . . . . . . . . . . Robots Disrupted 1 | . . . . . . . 1 . . . . Combat Hostiles . | . . . . . . . . . . . . Robots Corrupted 2 | . . . . . . . 2 . . . . Combat Hostiles 2 | . . . . . . . 2 . . . . Parts Fried 11 | . 1 . . . . . 9 . . . 1 Impact Corruptions . | . . . . . . . . . . . . Robots Melted 8 | . . . . . . 1 3 3 1 . . Combat Hostiles 6 | . . . . . . 1 3 2 . . . Parts Melted 43 | . . . 5 . . 1 17 18 1 . 1 Heat Transferred 17730 | 175 1175 . 2244 444 . 1591 5110 5439 592 . 960 Parts Sabotaged . | . . . . . . . . . . . . Parts Stolen . | . . . . . . . . . . . . Parts Stripped . | . . . . . . . . . . . . Power Chain Reactions 6 | . . . . . . . 5 . . . 1 Alert | -11 -10 -10 -9 -9 -9 -8 -8 -7 -6 -5 -5 ------- Run | Yrd Mat Min Mat Min Exi Min Mat Fac Fac Fac DSF Maximum Alert Level 2 | . . . 1 . . . 2 1 1 . 1 Low Security (%) 71 | 100 100 100 65 100 . 100 33 65 67 100 92 Level 1 25 | . . . 34 . . . 52 34 32 . 7 Level 2 3 | . . . . . . . 14 . . . . Level 3 . | . . . . . . . . . . . . Level 4 . | . . . . . . . . . . . . Level 5 . | . . . . . . . . . . . . High Security . | . . . . . . . . . . . . Max Security . | . . . . . . . . . . . . Peak Influence 626 | 5 85 . 253 95 . 98 626 332 349 100 201 Initial 283 | . . . . 90 . . . 283 162 90 63 Average 137 | . 28 . 151 30 . 25 242 196 171 93 115 Influence Increases 4634 | 10 420 . 721 289 . 309 1212 693 727 10 243 Destroy 0b10 Robot/C 2360 | . 240 . 460 200 . 200 660 380 120 . 100 Destroy 0b10 Robot/NC 245 | 10 25 . 35 10 . . 75 40 50 . . Destroy Leader 554 | . 50 . 118 40 . 40 184 96 16 . 10 Allied During Kill 9 | . . . . 9 . . . . . . . Successful Hack 275 | . 45 . 49 . . . 88 47 36 10 . Disable Machine 390 | . . . . . . . 45 60 285 . . Destroy Structure 366 | . . . 29 30 . 24 100 25 100 . 58 Partial Spotted 30 | . . . . . . . . 15 15 . . Lose Combat Pursuer 405 | . 60 . 30 . . 45 60 30 105 . 75 Influence Decreases 4508 | 10 420 . 488 513 9 309 588 985 874 105 207 Entered New Map 785 | . . . . 143 9 . . 341 170 95 27 Time Decay 3120 | 10 400 . 468 369 . 297 568 634 374 . . Lost Part 273 | . 20 . 20 1 . 12 20 10 20 10 160 Lost Ally 30 | . . . . . . . . . 10 . 20 Purge Threat 300 | . . . . . . . . . 300 . . Squads Dispatched 32 | . 2 . 2 . . . 5 8 9 1 5 Investigation 11 | . 1 . 1 . . . 2 3 3 1 . Extermination 5 | . . . . . . . . 4 1 . . Reinforcement 16 | . 1 . 1 . . . 3 1 5 . 5 Assault . | . . . . . . . . . . . . Garrison . | . . . . . . . . . . . . Intercept . | . . . . . . . . . . . . Searches Triggered . | . . . . . . . . . . . . Construction Impeded . | . . . . . . . . . . . . Haulers Reinforced 1 | . . . . . . . . 1 . . . Active Scanning Responses . | . . . . . . . . . . . . Cargo Convoy Interrupts . | . . . . . . . . . . . . Stealth | -11 -10 -10 -9 -9 -9 -8 -8 -7 -6 -5 -5 --------- Run | Yrd Mat Min Mat Min Exi Min Mat Fac Fac Fac DSF Distress Signals 7 | . 1 . 3 . . . 2 . 1 . . Communications Jammed . | . . . . . . . . . . . . Distress Signals . | . . . . . . . . . . . . Times Spotted 200 | . 22 . 32 10 . 12 49 29 31 . 15 Peak Tracking Total 9 | . 3 . 5 3 . 3 6 4 9 . 6 Tactical Retreats 20 | . 2 . 2 . . 2 4 2 4 . 4 Traps | -11 -10 -10 -9 -9 -9 -8 -8 -7 -6 -5 -5 ------- Run | Yrd Mat Min Mat Min Exi Min Mat Fac Fac Fac DSF Traps Triggered 12 | . 2 . . . . . 1 2 3 . 4 Indirectly 1 | . . . . . . . . . 1 . . Trap Hack Attempts . | . . . . . . . . . . . . Triggered . | . . . . . . . . . . . . Disarmed . | . . . . . . . . . . . . Reprogrammed . | . . . . . . . . . . . . Reused . | . . . . . . . . . . . . Traps Extracted . | . . . . . . . . . . . . Installed . | . . . . . . . . . . . . Triggered . | . . . . . . . . . . . . Machines | -11 -10 -10 -9 -9 -9 -8 -8 -7 -6 -5 -5 ---------- Run | Yrd Mat Min Mat Min Exi Min Mat Fac Fac Fac DSF Machines Disabled 26 | . . . . . . . 3 4 19 . . Max in Single Turn 9 | . . . . . . . 1 2 9 . . Garrison Access 2 | . . . . . . . . . 2 . . Machines Repaired . | . . . . . . . . . . . . Machines Dismantled . | . . . . . . . . . . . . Machines Sabotaged . | . . . . . . . . . . . . Overloaded Fab Kills . | . . . . . . . . . . . . Hacking | -11 -10 -10 -9 -9 -9 -8 -8 -7 -6 -5 -5 --------- Run | Yrd Mat Min Mat Min Exi Min Mat Fac Fac Fac DSF Machines Accessed 70 | . 8 . 10 . 2 . 16 12 19 3 . Terminals 46 | . 7 . 8 . . . 11 7 11 2 . Fabricators 4 | . . . . . . . . 1 2 1 . Repair Stations 8 | . 1 . . . . . 2 2 3 . . Recycling Units 2 | . . . . . . . 1 1 . . . Scanalyzers 6 | . . . 2 . . . 2 1 1 . . Garrison Access 2 | . . . . . . . . . 2 . . Total Hacks 249 | . 35 . 43 . 2 . 50 51 58 10 . Successful 153 | . 20 . 27 . 2 . 28 24 49 3 . Failed 96 | . 15 . 16 . . . 22 27 9 7 . Catastrophic 12 | . 3 . . . . . 3 4 1 1 . Database Lockouts . | . . . . . . . . . . . . Manual 114 | . 25 . 25 . 1 . 23 17 18 5 . Terminals 173 | . 30 . 35 . . . 39 29 34 6 . Fabricators 12 | . . . . . . . . 4 4 4 . Repair Stations 32 | . 5 . . . . . 6 7 14 . . Recycling Units 5 | . . . . . . . 1 4 . . . Scanalyzers 21 | . . . 8 . . . 4 7 2 . . Garrison Access 4 | . . . . . . . . . 4 . . Terminal Hacks 59 | . 9 . 12 . 2 . 9 6 19 2 . Record 1 | . . . . . 1 . . . . . . Part Schematic 10 | . 1 . 2 . . . . 2 5 . . Robot Schematic 1 | . . . . . . . . 1 . . . Robot Analysis 7 | . 3 . 1 . . . 1 . 2 . . Prototype ID Bank 7 | . 2 . 3 . . . 1 . 1 . . Open DSF 2 | . . . . . . . . . 1 1 . Level Access Points 1 | . . . . . . . . 1 . . . Branch Access Points 2 | . . . 1 . . . 1 . . . . Terminal Index 4 | . . . 1 . . . 1 1 1 . . Fabricator Index 1 | . . . . . . . . . . 1 . Garrison Index 1 | . . . . . . . . . 1 . . Alert Level 4 | . . . 2 . . . 1 . 1 . . Unreport Threat 2 | . . . . . . . . . 2 . . Locate Traps 4 | . 1 . 1 . . . 1 1 . . . Patrol Status 1 | . . . 1 . . . . . . . . Reinforcement Status 1 | . 1 . . . . . . . . . . Recall Investigation 4 | . 1 . . . . . 1 . 2 . . Recall Reinforcements 1 | . . . . . . . . . 1 . . Zone Layout 4 | . . . . . . . 2 . 2 . . Proto ID Catalog 1 | . . . . . 1 . . . . . . Fabricator Hacks 8 | . . . . . . . . 3 4 1 . Network Status 1 | . . . . . . . . 1 . . . Load Schematic 4 | . . . . . . . . 1 2 1 . Build 3 | . . . . . . . . 1 2 . . Repair Station Hacks 23 | . 4 . . . . . 4 3 12 . . Scan Component 13 | . 2 . . . . . 2 3 6 . . Repair 10 | . 2 . . . . . 2 . 6 . . Recycling Unit Hacks 2 | . . . . . . . 1 1 . . . Report Inventory 2 | . . . . . . . 1 1 . . . Scanalyzer 17 | . . . 5 . . . 4 6 2 . . Insert Component 9 | . . . 3 . . . 2 3 1 . . Analyze 8 | . . . 2 . . . 2 3 1 . . Garrison Access Hacks 2 | . . . . . . . . . 2 . . Seal Access 2 | . . . . . . . . . 2 . . Unauthorized Hacks 42 | . 7 . 10 . . . 10 5 10 . . Terminals 41 | . 7 . 10 . . . 10 5 9 . . Track 2 | . . . 1 . . . . . 1 . . Assimilate 3 | . 1 . . . . . . . 2 . . Botnet 6 | . 1 . 2 . . . 1 2 . . . Disrupt 1 | . . . . . . . 1 . . . . Operators 1 | . . . 1 . . . . . . . . Skim 28 | . 5 . 6 . . . 8 3 6 . . Fabricators . | . . . . . . . . . . . . Repair Stations 1 | . . . . . . . . . 1 . . Mechanics 1 | . . . . . . . . . 1 . . Recycling Units . | . . . . . . . . . . . . Scanalyzers . | . . . . . . . . . . . . Garrison Access . | . . . . . . . . . . . . Data Cores Recovered 2 | . . . . . . . . 1 1 . . Used . | . . . . . . . . . . . . Hacking Detections 64 | . 8 . 10 . . . 15 12 17 2 . Full Trace Events 10 | . . . 1 . . . 2 3 3 1 . Feedback Events 1 | . . . . . . . . . . 1 . Hackware Fried 1 | . . . . . . . . . . 1 . Feedback Blocked . | . . . . . . . . . . . . Robot Schematics Acquired 1 | . . . . . . . . 1 . . . Robots Built . | . . . . . . . . . . . . Authchips . | . . . . . . . . . . . . Time . | . . . . . . . . . . . . Total Robot Build Rating . | . . . . . . . . . . . . Part Schematics Acquired 18 | . 1 . 4 . . . 2 5 6 . . Parts Built 3 | . . . . . . . . 1 2 . . Authchips . | . . . . . . . . . . . . Time 232 | . . . . . . . . 73 159 . . Total Part Build Rating 15 | . . . . . . . . 3 12 . . Parts Repaired 10 | . 2 . . . . . 2 . 6 . . Time 320 | . 52 . . . . . 45 . 223 . . Parts Recycled . | . . . . . . . . . . . . Recycled Matter . | . . . . . . . . . . . . Retrieved Matter . | . . . . . . . . . . . . Retrieved Components . | . . . . . . . . . . . . Parts Scanalyzed 8 | . . . 2 . . . 2 3 1 . . Part Schematics Acquired 8 | . . . 2 . . . 2 3 1 . . Parts Damaged . | . . . . . . . . . . . . Bothacking | -11 -10 -10 -9 -9 -9 -8 -8 -7 -6 -5 -5 ------------ Run | Yrd Mat Min Mat Min Exi Min Mat Fac Fac Fac DSF Used RIF Installer . | . . . . . . . . . . . . Robots Hacked . | . . . . . . . . . . . . Non-combat . | . . . . . . . . . . . . Combat . | . . . . . . . . . . . . Robot Hacks Applied . | . . . . . . . . . . . . Relay Couplers Released . | . . . . . . . . . . . . Fabnet Peak Effective % . | . . . . . . . . . . . . Robots Rewired . | . . . . . . . . . . . . Allies Hacked . | . . . . . . . . . . . . Hacks Repelled . | . . . . . . . . . . . . Allies | -11 -10 -10 -9 -9 -9 -8 -8 -7 -6 -5 -5 -------- Run | Yrd Mat Min Mat Min Exi Min Mat Fac Fac Fac DSF Total Allies 4 | . . . . 3 . . . . 1 . . Largest Group 3 | . . . . 3 1 . . . 1 . . Highest-Rated Group 81 | . . . . 81 31 . . . 10 . . Highest-Rated Ally 31 | . . . . 31 31 . . . 10 . . Total Orders 3 | . . . . . . . . . 2 . 1 STAY 1 | . . . . . . . . . 1 . . ROAM 1 | . . . . . . . . . . . 1 FOLLOW 1 | . . . . . . . . . 1 . . Ally Attacks 8 | . . . . 8 . . . . . . . Total Damage 123 | . . . . 123 . . . . . . . Kills 3 | . . . . 3 . . . . . . . Allies Corrupted . | . . . . . . . . . . . . Allies Melted . | . . . . . . . . . . . . Intel | -11 -10 -10 -9 -9 -9 -8 -8 -7 -6 -5 -5 ------- Run | Yrd Mat Min Mat Min Exi Min Mat Fac Fac Fac DSF Active Infowar (turns) 599 | 41 85 . . . . . . . 473 . . Traps 469 | . . . . . . . . . 469 . . Seismic 126 | 41 85 . . . . . . . . . . Cloaking 199 | . . . . . . . . . 199 . . Robot Analysis Total 7 | . 3 . 1 . . . 1 . 2 . . Derelict Logs Recovered 2 | . . . . 2 . . . . . . . Drone Launches 2 | . . . . . . . . . . . 2 Drone Recoveries . | . . . . . . . . . . . . Exploration | -11 -10 -10 -9 -9 -9 -8 -8 -7 -6 -5 -5 ------------- Run | Yrd Mat Min Mat Min Exi Min Mat Fac Fac Fac DSF Turns Passed 11625 | 115 1347 153 1322 1321 343 1065 2607 2232 878 13 229 Spaces Moved 7378 | 49 651 94 555 777 214 534 1187 1467 1614 44 192 Core 14 | 8 . . . . . . . . 1 . 5 Treads 5018 | 41 651 94 555 777 214 534 1187 965 . . . Legs . | . . . . . . . . . . . . Wheels . | . . . . . . . . . . . . Hover . | . . . . . . . . . . . . Flight 2346 | . . . . . . . . 502 1613 44 187 Fastest Speed 28 | 50 160 160 160 160 160 160 160 34 28 28 28 Average Speed 121 | 152 160 160 160 160 160 162 167 123 30 28 34 Slowest Speed 200 | 160 160 160 160 160 160 163 170 170 200 28 100 Overloaded Moves . | . . . . . . . . . . . . Propulsion Burnouts . | . . . . . . . . . . . . Robots Hopped 24 | . . . . . . . . 8 14 . 2 Potential Cave-ins . | . . . . . . . . . . . . Cave-ins Triggered . | . . . . . . . . . . . . Exploration Rate (%) 56 | 5 91 23 44 99 61 88 92 36 48 1 87 Regions Visited 11 Branch Regions 4 Pre-discovered Areas 12 | . 2 1 4 1 1 . 2 . 1 . . Known Exits Taken 7 | . . 1 1 . . 1 1 1 1 1 . Unknown Exits Taken 4 | 1 1 . . 1 1 . . . . . . Scrap Searched 2 | . . . . 1 . 1 . . . . . Spaces Dug 14 | . . . . . . . . . 13 . 1 Terrain Destroyed 366 | . . . 25 33 . 25 117 23 107 . 36 Melee 14 | . . . . . . . . . 13 . 1 Projectile 51 | . . . 15 11 . 17 7 . . . 1 AOE 301 | . . . 10 22 . 8 110 23 94 . 34 Terrain Rammed . | . . . . . . . . . . . . Walls Destroyed . | . . . . . . . . . . . . Machines Disabled . | . . . . . . . . . . . . Actions | -11 -10 -10 -9 -9 -9 -8 -8 -7 -6 -5 -5 --------- Run | Yrd Mat Min Mat Min Exi Min Mat Fac Fac Fac DSF Total 9220 | 72 846 96 839 826 216 660 1634 1748 1921 43 319 Wait 1019 | 6 102 1 147 16 . 75 255 121 243 . 53 Move 7319 | 48 650 93 554 776 213 533 1186 1450 1585 43 188 Hop 24 | . . . . . . . . 8 14 . 2 Pick Up 80 | 4 12 . 11 4 1 . 26 18 4 . . Fast Attach 75 | 7 5 . 14 1 . . 18 8 12 . 10 Attach 35 | . 2 . 6 1 . 2 8 11 1 . 4 Detach 14 | . 1 . 4 . . . 2 3 . . 4 Swap 44 | . 3 . 5 3 . 6 16 8 2 . 1 Drop 104 | . 9 . 21 5 2 1 31 24 8 . 3 Fire 364 | 7 55 . 77 13 . 31 84 59 30 . 8 Melee 26 | . . . . . . . . . 14 . 12 Ram . | . . . . . . . . . . . . Kick . | . . . . . . . . . . . . Crush 56 | . 7 2 . 7 . 12 8 20 . . . Escape Stasis 60 | . . . . . . . . 18 8 . 34 Rewire . | . . . . . . . . . . . . Trap . | . . . . . . . . . . . . Miscellaneous . | . . . . . . . . . . . . Route ------- -11/Scrapyard -10/Materials (discovered 6 exits: *Mat x3 / [*Min x2] / Sub) -10/Mines (discovered 2 exits: *Mat x2) -9/Materials (discovered 6 exits: *Mat x3 / *Min / *Sto x2) -9/Mines (discovered 3 exits: *Mat x2 / *Exi) -9/Exiles (discovered 2 exits: [*Min x2]) -8/Mines -8/Materials (discovered 3 exits: *Fac x3) -7/Factory (discovered 6 exits: *Fac x4 / *Low x2) -6/Factory (discovered 5 exits: *Fac x2 / *Low x2 / [*Ext]) -5/Factory -5/DSF (discovered 1 exit: [*Fac]) History --------- Turn | Location | Event 9 | -11/Scrapyard | Discovered new exit (range 16) 116 | -11/Scrapyard | Entered Materials 312 | -10/Materials | Build established: Mutant 313 | -10/Materials | Discovered new exit (range 13) 634 | -10/Materials | Discovered new exit (range 15) 756 | -10/Materials | Repaired Lgt. Treads 784 | -10/Materials | Repaired Lgt. Treads 1176 | -10/Materials | Learned 4 Subcaves zone layouts 1225 | -10/Materials | Identified exit to Subcaves 1225 | -10/Materials | Identified exit to Materials 1264 | -10/Materials | Learned location of Subcaves (-10) 1275 | -10/Materials | Discovered exit to Materials (range 13) 1309 | -10/Materials | Learned 2 Storage zone layouts 1317 | -10/Materials | Learned Storage emergency access door positions 1368 | -10/Materials | Learned Storage trap positions 1463 | -10/Materials | Entered Mines 1464 | -10/Mines | Learned location of Storage (-9) 1574 | -10/Mines | YI-UF0 nonchalantly dropped a Grenade Launcher on the ground 1616 | -10/Mines | Entered Materials 1616 | -9/Materials | Evolved 2 slots: Propulsion x1, Utility x1 1831 | -9/Materials | Discovered new exit (range 10) 1970 | -9/Materials | Identified exit to Mines 1970 | -9/Materials | Identified exit to Storage 2095 | -9/Materials | Discovered new exit (range 14) 2260 | -9/Materials | Learned location of 1 exit from Recycling 2297 | -9/Materials | Learned Storage trap positions 2325 | -9/Materials | Learned location of Zion (-6) 2348 | -9/Materials | Learned location of Mines (-8) 2349 | -9/Materials | Identified exit to Materials 2359 | -9/Materials | Learned location of Recycling (-9) 2379 | -9/Materials | Learned 4 Recycling zone layouts 2581 | -9/Materials | Build established: Scavenger-Mutant 2938 | -9/Materials | Entered Mines 3123 | -9/Mines | A weapon hastily lodged in a ceiling crevice suddenly fell to the ground 3396 | -9/Mines | Assembled infested the area 3570 | -9/Mines | Discovered exit to Materials (range 10) 3602 | -9/Mines | Discovered exit to Materials (range 5) 3637 | -9/Mines | Learned Materials security intel 3642 | -9/Mines | Found a Scrap Suit stashed away for nefarious purposes 3646 | -9/Mines | Found Scrap Suit 3965 | -9/Mines | Received a Mining Laser from a helpful Derelict 4249 | -9/Mines | Discovered new exit (range 5) 4259 | -9/Mines | Entered Exiles 4259 | -9/Exiles | Accompanied by 1 ally 4280 | -9/Exiles | Discovered new exit (range 15) 4289 | -9/Exiles | Led the pair of lost Derelicts to a safe place 4303 | -9/Exiles | Met 8R-AWN 4322 | -9/Exiles | Met EX-HEX 4370 | -9/Exiles | Met EX-BIN 4389 | -9/Exiles | Aligned with FarCom system 4391 | -9/Exiles | Given EX-Vault access code 4429 | -9/Exiles | Opened EX-Vault 4440 | -9/Exiles | Found YOLO Cannon 4474 | -9/Exiles | Warned to stay clear of 0b10 Research branches 4519 | -9/Exiles | Met EX-DEC 4581 | -9/Exiles | Discovered new exit (range 14) 4602 | -9/Exiles | Left Exiles lab with YOLO Cannon 4602 | -9/Exiles | Entered Mines 5659 | -8/Mines | Discovered exit to Materials (range 6) 5667 | -8/Mines | Entered Materials 5667 | -8/Materials | Evolved 2 slots: Utility x1, Weapon x1 5974 | -8/Materials | Build established: Scavenger-Skirmisher 6262 | -8/Materials | Discovered new exit (range 16) 6755 | -8/Materials | Build established: Skirmisher 6891 | -8/Materials | Repaired Lrg. Storage Unit 7087 | -8/Materials | Discovered new exit (range 10) 7325 | -8/Materials | Identified exit to Factory 7361 | -8/Materials | Learned location of Extension (-6) 7403 | -8/Materials | Learned location of 1 exit from Recycling 7407 | -8/Materials | Learned Factory terminal intel 7444 | -8/Materials | Learned Storage security intel 7910 | -8/Materials | Repaired Hrd. Medium Armor Plating 8274 | -8/Materials | Entered Factory 8274 | -7/Factory | Evolved 2 slots: Utility x2 8275 | -7/Factory | Loaded intel: 26 terminal locations 9002 | -7/Factory | Fabricated Hacking Suite (x1) 9044 | -7/Factory | Discovered new exit (range 6) 10083 | -7/Factory | Discovered new exit (range 15) 10352 | -7/Factory | Identified exit to Lower Caves 10500 | -7/Factory | Identified exit to Factory 10506 | -7/Factory | Entered another Factory area 10506 | -6/Factory | Evolved 2 slots: Propulsion x2 10629 | -6/Factory | Discovered new exit (range 11) 10713 | -6/Factory | Repaired Xenon Bombardment Thruster 10752 | -6/Factory | Repaired Imp. Propulsion Shielding 10824 | -6/Factory | Repaired Enh. Nuclear Core? 10837 | -6/Factory | Discovered new exit (range 16) 10980 | -6/Factory | Spotted B-75 Beast 11041 | -6/Factory | Identified exit to Factory 11048 | -6/Factory | Fabricated Adv. System Shield? 11103 | -6/Factory | Learned location of 1 exit from Upper Caves 11107 | -6/Factory | Fabricated Adv. System Shield? 11156 | -6/Factory | Learned location of 2 exits from Archives 11183 | -6/Factory | Repaired Prc. Beam Rifle 11198 | -6/Factory | Identified exit to Lower Caves 11207 | -6/Factory | Repaired Xenon Bombardment Thruster 11227 | -6/Factory | Repaired Missile Launcher 11228 | -6/Factory | Learned location of 1 exit from Proximity Caves 11246 | -6/Factory | Loaded intel: 79 trap records 11253 | -6/Factory | Learned 2 Proximity Caves zone layouts 11271 | -6/Factory | Learned 4 Proximity Caves zone layouts 11298 | -6/Factory | Learned Factory trap positions 11336 | -6/Factory | Learned location of Proximity Caves (-4) 11384 | -6/Factory | Entered another Factory area 11384 | -5/Factory | Evolved 2 slots: Utility x2 11385 | -5/Factory | Loaded intel: 119 trap records 11391 | -5/Factory | Hacking Suite fried by hacking feedback 11397 | -5/Factory | Identified exit to DSF 11397 | -5/Factory | Entered DSF 11419 | -5/DSF | Additional patrols routed to DSF 11422 | -5/DSF | Lost 3 parts (3u) 11528 | -5/DSF | Lost 4 parts (1p1n1u1w) 11591 | -5/DSF | Core integrity fell below 50% 11610 | -5/DSF | Discovered new exit (range 11) 11617 | -5/DSF | Core integrity fell below 20% 11626 | -5/DSF | Destroyed by X-67 Chaingunner with Heavy Machine Gun Last Messages --------------- 11616_ Slug penetrates Wall. 11616_ Field strength at 49. 11617_ Field strength at 44. 11617_ Penetrated by Slug. 11617_ Xenon Bombardment Thruster destroyed. 11618_ Field strength at 25. 11619_ Slug penetrates Wall. 11619_ Field strength at 13. 11620_ Field strength at 7. 11621_ Penetrated by Slug. 11621_ Stasis field depleted. 11621_ Authchip [Armor] destroyed. 11622_ ALERT: Suspicious intruders detected, dispatching Specialist reinforcements to area. 11624_ Penetrated by Slug. 11624_ Authchip [R/Combat] destroyed. 11624_ Penetrated by Slug. 11626_ Hacking Suite destroyed. 11626_ Penetrated by Slug. 11626_ Dropped Energy Well. Map ----- +----------------------------------------------------+ | | | | | | | | | | | | | | | | | | | | | | | | | | | | | | | ?????????????????????????????????????? | | ?????????????????????????????????????? | | ?????????????????????????????????????? | | ?????????????????????????????????????? | | ??????????????????????????""?????????? | | ??????????????????????????"#?????????? | | #???????#########???????##"####??????? | | #########[[ #########"""""#??????? | | ## #!!!#[[ # #!!##"""""#??????? | | h ^ x%"##?????? | | h @x """""????? | | ##!!#!!!### h### # ## %"##?????? | | ##!!#!!!#?# h ### # ### ###??????? | | #########== ########?? #????????? | | !#??????#== #????????? !#???????? | | !#??????#== #????????? !#???????? | | ##??????### ###??????????^##???????? | | !#??????#!! !!#?????????? ????????? | | !#??????#!! !!#?????????? ????????? | | !#?????##!! !!#?????????? #???????? | | ########""" ##?####?###???##???????? | | # #!!!"" ##?!!!# #????????????? | | # # "" ##!!!# #????????????? | | " ?????????????? | | % "%" H ????????????? | | [ ! % ?????????????? | | # [[#! !#" #!!!#????????????????? | | #[[[#!!!#"" "!!!#????????????????? | | #########"" ="""###????????????????? | | #??????#! % !!" #??????????????????? | | #??????# ! =!=" #??????????????????? | | #??????#! *!!!%#??????????????????? | | ##??????### ]" %##??????????????????? | | !#??????#|| ]]##???????????????????? | | !####???#|| %]]"#???????????????????? | +----------------------------------------------------+ Best States ------------- Heat Dissipation 85 Energy Generation 17 Energy Capacity 550 Matter Stores 300 Matter Capacity 300 Sight Range 16 Terrain Scan Density 10 Cloak Strength 2 Additional Mass Support 9 Armor Coverage 600 Propulsion Shielding 66 Evasion (%) 64 Targeting Accuracy 8 Recoil Reduction 3 Offensive Hacking 40 Defensive Hacking 28 Authchip Count 3 Item Schematics ----------------- Propulsion Shielding | -10/Materials | Hacked Grenade Launcher | -9/Materials | Hacked Lrg. Storage Unit | -9/Materials | Hacked Lgt. Treads | -9/Materials | Scanalyzed Structural Scanner | -9/Materials | Scanalyzed Lgt. Armor Plating | -8/Materials | Scanalyzed Imp. Propulsion Shielding | -8/Materials | Scanalyzed Hacking Suite | -7/Factory | Scanalyzed Missile Launcher | -7/Factory | Scanalyzed Arm. Treads | -7/Factory | Scanalyzed Imp. Remote Datajack | -7/Factory | Hacked Enh. Optical Array | -7/Factory | Hacked Xenon Bombardment Thruster | -6/Factory | Scanalyzed System Shield | -6/Factory | Hacked System Restoration Module | -6/Factory | Hacked Adv. System Shield | -6/Factory | Hacked Adv. Cryofiber Web | -6/Factory | Hacked Prc. Rocket Launcher | -6/Factory | Hacked Robot Schematics ------------------ Y-45 Defender | -7/Factory | Hacked Fabricated ------------ Hacking Suite | x1 | -7/Factory Adv. System Shield | x1 | -6/Factory Adv. System Shield | x1 | -6/Factory Repaired ---------- Lgt. Treads | 44% | -10/Materials Lgt. Treads | 50% | -10/Materials Lrg. Storage Unit | 96% | -8/Materials Hrd. Medium Armor Plating | 72% | -8/Materials Xenon Bombardment Thruster | 63% | -6/Factory Imp. Propulsion Shielding | 65% | -6/Factory Enh. Nuclear Core | 70% | -6/Factory Prc. Beam Rifle | 52% | -6/Factory Xenon Bombardment Thruster | 40% | -6/Factory Missile Launcher | 50% | -6/Factory Alien Tech Used ----------------- None Achievements -------------- None Challenges ------------ None Game ------ Seed NovaCarbideBoomstick Manual? 0 Play Time 02:06:02 Cumulative 167.8 hours Start 2025.08.05 @ 21:06:17 End 2025.08.05 @ 23:20:23 Sessions 1 Manual Loads 0 Difficulty Rogue Special Mode None Game No. 146 Rogue 107 Adventurer 32 Explorer 7 Win Type - Total 1 Types 1/0/0/0/0/0/0/0/0/0 Lore% 40 Gallery% 61 Achievement% 53 Wizard Run 0 Options --------- Layout 1 ASCII 0 Keyboard 0 Movement Numpad Keybinds 0 Fullscreen 1 Font 24/Smallcaps Map View 50x35 Zoom Use 0% Tactical HUD 1 Map Filters NONE Filters NONE Steam 1 RUN: 68da2ee3-138b-4357-9312-bd71b03f529f